 Dungeon Crawl Stone Soup version 0.28-a0-751-gef3a642a4e (webtiles) character file.

Game seed: 1420540906729264354

31 spiderkeys the Skirmisher (level 3, -3/23 HPs)
             Began as a Gargoyle Abyssal Knight on Oct 31, 2021.
             Was a Follower of Lugonu.
             Slain by a raiju (9 damage)
             ... on level 1 of the Abyss.
             The game lasted 00:00:32 (293 turns).

spiderkeys the Skirmisher (Gargoyle Abyssal Knight)  Turns: 293, Time: 00:00:33

Health: -3/23      AC:  6    Str: 17      XL:     3   Next: 22%
Magic:  4/4        EV: 11    Int: 10      God:    Lugonu [*.....]
Gold:   11         SH:  0    Dex:  9 (10) Spells: 2/2 levels left

rFire   . . .      SeeInvis .   a - +1 mace
rCold   . . .      Faith    .   (no shield)
rNeg    + . .      Spirit   .   b - +0 leather armour
rPois   ∞          Reflect  .   (no helmet)
rElec   +          Harm     .   (no cloak)
rCorr   .          Rampage  .   (no gloves)
Will    .....                   (no boots)
Stlth   +.........              (no amulet)
HPRegen 0.07/turn               (no ring)
MPRegen 0.09/turn               (no ring)

@: no status effects
A: sickness immunity, AC +3, negative energy resistance 1, electricity
resistance, torment resistance 1, petrification resistance
a: Renounce Religion, Depart the Abyss


You were on level 1 of the Abyss.
You worshipped Lugonu.
Lugonu was aware of your devotion.
You visited 0 branches of the dungeon, and saw 0 of its levels.
You visited the Abyss 1 time.

You collected 11 gold pieces.


Innate Abilities, Weirdness & Mutations

You are immune to sickness and miasma.
Your stone body is resilient. (AC +3)
You are immune to poison.
You resist negative energy. (rN+)
You are resistant to electric shocks. (rElec)
You are resistant to unholy torment.
You are immune to petrification.


   Skills:
 + Level 3.6 Fighting
 + Level 2.3 Maces & Flails
 + Level 2.6 Armour
 - Level 1.2 Dodging
 + Level 2.4 Invocations


You had 2 spell levels left.
You didn't know any spells.
Your spell library was empty.

Inventory:

Hand Weapons
 a - a +1 mace (weapon)
Armour
 b - a +0 leather armour (worn)

Dungeon Overview and Level Annotations

Branches:
Dungeon (0/15)

Altars:

.# . ......#.#
....... # #.. #
##..#....#.... #∩.
##.......... . .
......#..#.# . . .
.####....#. .. . #
## ........#.# ..#
#.# ##G3#.###....
# .. ##.h5....#
.... # #.##@...#..
. . ... #....# . .
..........#.......
..#.#####..#..##.#
.. #####.. . . #.
... #.


You could see a glowing orange brain, a sixfirhy, a raiju and a white imp
(summoned).


Message History

The quasit claws you but does no damage.
The quasit closely misses you.
The quasit bites you but does no damage.
The quasit claws you but does no damage. x2
You miss the quasit. The quasit barely misses you. The quasit misses you.
The quasit claws you. The quasit closely misses you.
The quasit claws you but does no damage. x2 😮 HP[-1]
You take 1 damage, and now have 8/14 hp.
You hit the quasit.
The quasit bites you but does no damage.
The quasit claws you but does no damage.
The quasit barely misses you.
You hit the quasit. The quasit closely misses you. The quasit misses you.
The quasit claws you but does no damage.
The quasit misses you. The quasit barely misses you.
The quasit completely misses you.
You hit the quasit.
You kill the quasit!
You feel your dexterity returning.
Your Dodging skill increases to level 1!
You have reached level 2!
You have reached level 3!
Your experience leads to an increase in your attributes!
Your base attributes are Str 16, Int 10, Dex 10.
Increase (S)trength, (I)ntelligence, or (D)exterity?
You feel stronger. 😮 HP[+6] MP[+2]
You now have 23 max hp (+9).
You regained 6 hp, and now have 14/23 hp.
Your mp is fully restored (4).
The substance of the Abyss twists violently, and a gateway leading out appears!
Key pressed, stopping explore.
Key pressed, stopping explore.
A glowing orange brain comes into view. 😎 HP[+9]
Your hp is fully restored (23).
You barely miss the glowing orange brain.
You hit the glowing orange brain. You sock the glowing orange brain!
You hit the glowing orange brain.
The glowing orange brain pulsates.
You are confused.
You aren't carrying any potions.
You bump into the rock wall.
You bump into the stone wall.
You bump into the rock wall.
You bump into the crystal wall.
You bump into the stone wall.
You feel less confused.
You completely miss the glowing orange brain.
You hit the glowing orange brain.
You barely miss the glowing orange brain.
You hit the glowing orange brain. You hit the glowing orange brain.
You hit the glowing orange brain. You thump the glowing orange brain!
You sock the glowing orange brain!
You barely miss the glowing orange brain.
The glowing orange brain pulsates.
Something tries to feed on your intellect!
You hit the glowing orange brain. You hit the glowing orange brain.
A raiju comes into view.
The glowing orange brain pulsates.
You are confused.
You bump into the rock wall.
The raiju barks!
The raiju bursts into living lightning!
The living lightning misses you.
The raiju blinks! x2
The glowing orange brain pulsates.
Something tries to feed on your intellect!
You hit the glowing orange brain. The raiju closely misses you.
The glowing orange brain pulsates.
Something tries to feed on your intellect!
The raiju misses you.
You're too confused to move!
The glowing orange brain pulsates.
Something tries to feed on your intellect!
A sixfirhy comes into view.
The raiju bites you. The raiju shocks you. You resist. 😮 HP[-8]
You take 8 damage, and now have 15/23 hp.
MASSIVE DAMAGE!! (PAUSE)
The sixfirhy hits you. The sixfirhy shocks you. You resist.
* * * LOW HITPOINT WARNING * * *
The raiju bites you.
* * * LOW HITPOINT WARNING * * *
The raiju shocks you. You resist.
* * * LOW HITPOINT WARNING * * *
😱 HP[-10]
You take 10 damage, and now have 5/23 hp.
MASSIVE DAMAGE!! (PAUSE)
You feel less confused.
The glowing orange brain pulsates. 😨 HP[+1]
You barely miss the raiju.
The white imp hits you but does no damage.
The raiju bites you!
You die...

Skill      XL: |  1 |
---------------+----+-----
Dodging        | 1 |  1.2
Fighting       | |  3.6
Maces & Flails | |  2.3
Armour         | |  2.6
Invocations    | |  2.4

Action                   || total
-------------------------++-------
Melee: Mace              ||    25
Armor: Leather armour    ||    17
Dodge: Dodged            ||    20

Levels and vault maps discovered:
Abyss:1:  base: Temple, base:
Temple

Notes
Turn   | Place    | Note
-------+----------+-------------------------------------------
     0 | Abyss:1  | spiderkeys the Gargoyle Abyssal Knight began the quest for
                  | the Orb.
     0 | Abyss:1  | Reached XP level 1. HP: 14/14 MP: 2/2
     0 | Abyss:1  | magus.rc [v1.9.10]
   108 | Abyss:1  | Noticed a quasit
   117 | Abyss:1  | Killed a quasit
   118 | Abyss:1  | Reached skill level 1 in Dodging
   118 | Abyss:1  | Reached XP level 2. HP: 11/19 MP: 3/3
   118 | Abyss:1  | Reached XP level 3. HP: 14/23 MP: 4/4
   266 | Abyss:1  | Noticed a glowing orange brain
   287 | Abyss:1  | Noticed a raiju
   290 | Abyss:1  | Noticed a sixfirhy
   291 | Abyss:1  | HP: 5/23 [raiju (2)]
   293 | Abyss:1  | Slain by a raiju

Vanquished Creatures
  A quasit (Abyss:1)
1 creature vanquished.

Table legend:
 A = Non-vault XP
 B = Vault XP
 C = Vault XP percentage of total XP
 D = Non-vault monster count
 E = Vault monster count
 F = Vault count percentage of total count
                 A         B        C        D         E       F
            +---------+---------+-------+---------+---------+-------
      Total |      45 |       0 |   0.0 |       1 |       0 |   0.0
            +---------+---------+-------+---------+---------+-------
    Abyss:1 |      45 |       0 |   0.0 |       1 |       0 |   0.0
            +---------+---------+-------+---------+---------+-------

Illustrated notes

Table legend:
 A = Kills in this place as a percentage of kills in entire the game.
 B = Kills by you in this place as a percentage of kills by you in the entire game.
 C = Kills by friends in this place as a percentage of kills by friends in the entire game.
 D = Other kills in this place as a percentage of other kills in the entire game.
 E = Experience gained in this place as a percentage of experience gained in the entire game.
 F = Experience gained in this place divided by the number of levels of this place that you have seen.
                   A       B       C       D       E      F
               +-------+-------+-------+-------+-------+----------------------
         Total | 100.0 | 100.0 |   N/A |   N/A | 100.0 |  45.0
         Abyss | 100.0 | 100.0 |   N/A |   N/A | 100.0 |  45.0
               +-------+-------+-------+-------+-------+----------------------

Table legend: (Time is in decaauts)
 A = Elapsed time spent in this place.
 B = Non-inter-level travel time spent in this place.
 C = Inter-level travel time spent in this place.
 D = Time resting spent in this place.
 E = Time spent auto-exploring this place.
 F = Levels seen in this place.
 G = Mean time per level.
                   A        B        C        D        E       F      G
               +--------+--------+--------+--------+--------+-----+--------+
         Total |    299 |    299 |      0 |      0 |    256 |   1 |  299.0 |
         Abyss |    299 |    299 |      0 |      0 |    256 |   1 |  299.0 |
               +--------+--------+--------+--------+--------+-----+--------+

Top non-repeatable levels by time:
 Abyss:1: 299 daAuts
